 Dungeon Crawl Stone Soup version 0.21.1-68-g103a7afc0a (webtiles) character file.

7206 Pisosu the Quickloader (level 11, -3/68 HPs)
             Began as a Kobold Hunter on Aug 3, 2018.
             Was a Believer of Dithmenos.
             Slain by a black mamba (11 damage)
             ... on level 2 of the Lair of Beasts.
             The game lasted 00:51:14 (12290 turns).

Pisosu the Quickloader (Kobold Hunter)             Turns: 12290, Time: 00:51:15

Health: -3/68      AC: 15    Str: 12    XL:     11   Next: 32%
Magic:  11/11      EV: 16    Int: 14    God:    Dithmenos [**....]
Gold:   402        SH:  5    Dex: 15    Spells: 10/10 levels left

rFire    + . .     SeeInvis +   a - +1 hand crossbow
rCold    . . .     Gourm    .   k - +0 buckler
rNeg     . . .     Faith    +   g - +5 ring mail
rPois    .         Spirit   .   (no helmet)
rElec    .         Reflect  .   r - +2 cloak
rCorr    .         Harm     .   D - +0 pair of gloves
MR       .....                  (no boots)
Stlth    +++.......             E - amulet of faith
HPRegen  0.21/turn              x - ring of see invisible
MPRegen  0.12/turn              u - ring of protection from fire

@: wreathed by umbra
A: small, carnivore
a: Shadow Step, Renounce Religion


You were on level 2 of the Lair of Beasts.
You worshipped Dithmenos.
Dithmenos was pleased with you.
You were full.

You visited 3 branches of the dungeon, and saw 12 of its levels.
You also visited: Sewer.

You collected 402 gold pieces.

Inventory:

Hand Weapons
 a - a +1 hand crossbow (weapon)
 c - a +2 quarterstaff of chaos
 I - a +3 short sword
Missiles
 i - 26 bolts (quivered)
Armour
 g - a +5 ring mail (worn)
 k - a +0 buckler (worn)
 q - a +1 leather armour of magic resistance
 r - a +2 cloak (worn)
 D - a +0 pair of gloves (worn)
Magical Staves
 H - an uncursed staff of energy {unknown}
 J - an uncursed staff of power {unknown}
Jewellery
 u - a ring of protection from fire (right hand)
 x - a ring of see invisible (left hand)
 E - an amulet of faith (around neck)
Wands
 l - a wand of acid (11)
 m - a wand of disintegration (15)
 t - a wand of scattershot (5)
 F - a wand of digging (10)
Scrolls
 b - a scroll of teleportation
 d - a scroll of amnesia
 e - 8 scrolls of identify
 h - a scroll of blinking
 n - 3 scrolls of remove curse
 p - a scroll of magic mapping
 y - a scroll of fog {unknown}
 M - a scroll of acquirement {unknown}
Potions
 j - a potion of degeneration
 o - a potion of brilliance
 v - a potion of resistance
 z - 4 potions of flight {unknown}
 A - 2 potions of heal wounds {unknown}
 B - 2 potions of mutation {unknown}
 G - a potion of agility
 L - a potion of haste {unknown}
Books
 C - a book of Geomancy

   Spells                             Type                      Level
   a - Sandblast                      Earth                        1
   b - Passwall                       Transmutation/Earth          2
   c - Stone Arrow                    Conjuration/Earth            3
   d - Petrify                        Transmutation/Earth          4
   e - Lee's Rapid Deconstruction     Earth                        5
 K - a book of Spatial Translocations

   Spells                             Type                      Level
   a - Blink                          Translocation                2
   b - Shroud of Golubria             Charms/Translocation         2
   c - Lesser Beckoning               Translocation                3
   d - Gell's Gravitas                Translocation                3
   e - Teleport Other                 Translocation                3
   f - Passage of Golubria            Translocation                4
Comestibles
 f - 14 rations


   Skills:
 + Level 8.0 Fighting
 + Level 8.9 Short Blades
 + Level 11.3 Crossbows
 + Level 6.1 Armour
 + Level 6.7 Dodging
 + Level 4.5 Stealth
 + Level 3.0 Shields


You had 10 spell levels left.
You didn't know any spells.

Dungeon Overview and Level Annotations

Branches:
Dungeon (9/15)             Temple (1/1) D:6            Lair (2/6) D:9
  Swamp: Lair:2-4    Shoals: Lair:2-4     Snake: Lair:2-4    Spider: Lair:2-4
    Orc: D:9-12

Altars:
Ashenzari
Cheibriados
Dithmenos
Fedhas
Gozag
Hepliaklqana
Kikubaaqudgha
Makhleb
Nemelex Xobeh
Okawaru
Qazlal
Ru
Trog
Vehumet
Xom
Zin
The Shining One

Shops:
D:4 =   D:7 [

Annotations:
D:3 Sigmund


Innate Abilities, Weirdness & Mutations

You are small and have problems with some larger weapons.
You are carnivorous and can eat meat at any time.


Message History

The black mamba barely misses you. The black mamba misses you.
The black mamba barely misses you. The black mamba bites you!
The bullfrog gives a loud, deep croak!
You hear a loud, deep croak!
The bullfrog closely misses you. The black mamba barely misses you.
You block the bullfrog's attack. The black mamba closely misses you.
The bullfrog closely misses you. The spiny frog barely misses you.
The black mamba closely misses you. The bullfrog hits you.
The spiny frog closely misses you. The bullfrog completely misses you.
The black mamba bites you. You block the bullfrog's attack.
The spiny frog closely misses you. The black mamba completely misses you.
The black mamba bites you but does no damage.
The black mamba bites you!
* * * LOW HITPOINT WARNING * * *
There is a stone staircase leading up, spattered with blood here.
The black mamba closely misses you. The spiny frog closely misses you.
The black mamba bites you!
You die...

##### ###....#
#....>.### #........#
###F........
#.FS@....... ..
#..#........ ..
##..#........ F. ##
#..####.....# #.
####.#####..####.....#
#.
#P.............#.P..##
#F
##.P....<...........#
#.
#.....#####...#....##
#< ##.##...#
##.P##(..P# #.......


You could see a black mamba, a spiny frog and a bullfrog.

Vanquished Creatures
  An unseen horror (D:8)
  Pikel (D:7)
  A komodo dragon (Lair:2)
  2 hippogriffs
  14 yaks
  Eustachio (D:5)
  A water moccasin (Lair:2)
  2 porcupines
  A black bear (D:3)
  An orc warrior (D:9)
  A slave (D:7)
  3 ogres
  3 centaurs
  A crocodile (Lair:2)
  3 big kobolds
  8 bullfrogs
  A scorpion (D:4)
  8 wights
  2 bullfrog zombies
  2 crimson imps
  2 hounds
  A jelly (D:8)
  2 bullfrog skeletons
  8 orc priests
  Crazy Yiuf (D:3)
  4 orc wizards
  3 centaur skeletons
  5 worker ants
  A killer bee zombie (D:6)
  A hound zombie (D:5)
  A howler monkey zombie (D:5)
  A worker ant zombie (D:5)
  A howler monkey skeleton (D:5)
  3 adders
  A river rat (Sewer)
  2 shadow imps (D:3)
  12 white imps (Lair:2)
  2 adder zombies
  2 worms
  2 leopard geckos
  24 orcs
  A ball python (D:1)
  4 giant cockroaches
  6 goblins
  4 hobgoblins
  6 jackals
  13 kobolds
  6 bats
  5 frilled lizards
  3 quokka skeletons
  10 rats
194 creatures vanquished.

Vanquished Creatures (others)
  2 slaves (D:7)
  A bush (Lair:2)
  13 fungi (Lair:2)
  7 plants (Lair:2)
23 creatures vanquished.

Grand Total: 217 creatures vanquished

Notes
Turn   | Place    | Note
-------+----------+-------------------------------------------
     0 | D:1      | Pisosu the Kobold Hunter began the quest for the Orb.
     0 | D:1      | Reached XP level 1. HP: 12/12 MP: 1/1
    13 | D:1      | Reached skill level 5 in Crossbows
   124 | D:1      | Reached XP level 2. HP: 15/17 MP: 2/2
   329 | D:1      | Reached XP level 3. HP: 20/21 MP: 3/3
  1358 | D:3      | Found a transporter.
  1376 | D:3      | Found a transporter.
  1394 | D:3      | Noticed a black bear
  1399 | D:3      | Killed a black bear
  1399 | D:3      | Reached skill level 6 in Crossbows
  1399 | D:3      | Reached XP level 4. HP: 27/27 MP: 4/4
  1399 | D:3      | Reached XP level 5. HP: 31/31 MP: 5/5
  1588 | D:3      | Noticed Sigmund
  1602 | D:3      | Found a runed door.
  1606 | D:3      | Noticed Crazy Yiuf
  1616 | D:3      | Killed Crazy Yiuf
  1616 | D:3      | Reached skill level 1 in Armour
  1709 | D:3      | Reached skill level 7 in Crossbows
  1709 | D:3      | Reached XP level 6. HP: 31/36 MP: 6/6
  2548 | D:4      | Found a shadowy altar of Dithmenos.
  2557 | D:4      | Reached XP level 7. HP: 41/41 MP: 7/7
  2666 | D:4      | Reached skill level 8 in Crossbows
  2713 | D:4      | Found a glowing drain.
  2754 | Sewer    | Entered a sewer
  2904 | Sewer    | Found a glowing silver altar of Zin.
  3040 | D:4      | Found Efafo's Jewellery Shop.
  3092 | D:4      | HP: 2/41 [ogre/giant spiked club (17)]
  3412 | D:4      | Found a shattered altar of Ashenzari.
  3650 | D:4      | Became a worshipper of Dithmenos the Shadowed
  3668 | D:5      | Entered Level 5 of the Dungeon
  3791 | D:5      | Reached skill level 9 in Crossbows
  3791 | D:5      | Reached XP level 8. HP: 48/48 MP: 8/8
  3960 | D:5      | Noticed Eustachio
  4133 | D:5      | Killed Eustachio
  4274 | D:5      | Found a blossoming altar of Fedhas.
  4755 | D:6      | Found a staircase to the Ecumenical Temple.
  5046 | D:6      | Found a glowing golden altar of the Shining One.
  5054 | D:6      | Reached skill level 5 in Fighting
  5054 | D:6      | Reached skill level 10 in Crossbows
  5127 | Temple   | Entered the Ecumenical Temple
  5807 | D:7      | Reached XP level 9. HP: 41/54 MP: 9/9
  6216 | D:7      | Noticed Pikel
  6543 | D:7      | Found Qoor's Armour Emporium.
  6729 | D:7      | Killed Pikel
  6729 | D:7      | Reached skill level 1 in Shields
  6975 | D:7      | Reached * piety under Dithmenos
  7394 | D:8      | Found a burning altar of Makhleb.
  7449 | D:8      | Noticed an unseen horror
  7575 | D:8      | Reached skill level 5 in Short Blades
  7686 | D:8      | Killed an unseen horror
  7686 | D:8      | Reached skill level 5 in Dodging
  7686 | D:8      | Reached XP level 10. HP: 8/61 MP: 10/10
  8934 | D:9      | Reached skill level 5 in Armour
 10009 | D:9      | Found a staircase to the Lair.
 10016 | Lair:1   | Entered Level 1 of the Lair of Beasts
 10253 | Lair:1   | Reached XP level 11. HP: 46/67 MP: 11/11
 11159 | Lair:2   | Reached skill level 11 in Crossbows
 11178 | Lair:2   | Reached ** piety under Dithmenos
 11389 | Lair:2   | Found a frozen archway.
 11809 | Lair:2   | Noticed a six-headed hydra
 12290 | Lair:2   | Slain by a black mamba

Skill      XL: |  1  2  3  4  5  6  7  8  9 10 11 |
---------------+----------------------------------+-----
Crossbows      | 5 6 7 9 10 11 | 11.3
Armour         | 1 2 3 4 5 6 |  6.1
Stealth        | 2 3 4 |  4.5
Fighting       | 3 4 5 6 7 8 |  8.0
Dodging        | 3 5 6 |  6.7
Short Blades   | 5 8 |  8.9
Shields        | 1 2 3 |  3.0

Action                   |  1- 3 |  4- 6 |  7- 9 | 10-12 || total
-------------------------+-------+-------+-------+-------++-------
Melee: Rapier            |       |       |   127 |    67 ||   194
       Short sword       |       |       |       |   265 ||   265
 Fire: Hand crossbow     |    68 |    65 |   270 |   167 ||   570
Evoke: Wand              |       |       |       |     2 ||     2
  Use: Scroll            |       |       |    12 |    11 ||    23
       Potion            |       |       |     2 |     9 ||    11
 Stab: Sleeping          |       |       |       |     2 ||     2
  Eat: Chunk             |     5 |     6 |    18 |    12 ||    41
Armor: Ring mail         |     6 |     9 |    91 |   109 ||   215
Dodge: Dodged            |    18 |     6 |   163 |   281 ||   468
Block: Buckler           |       |     4 |    61 |    82 ||   147
